 Dungeon Crawl Stone Soup version 0.13-a0-2496-g11650dd (webtiles) character file.

1627 Rycklaryybbe the Slicer (level 8, -7/49 HPs)
             Began as a Halfling Assassin on July 22, 2013.
             Was an Initiate of Fedhas.
             Mangled by an orc warrior
             ... wielding a -1,+0 orcish halberd
              (16 damage)
             ... on Level 6 of the Dungeon.
             The game lasted 00:27:13 (8165 turns).

Rycklaryybbe the Slicer (Halfling Assassin)         Turns: 8165, Time: 00:27:13

HP  -7/49        AC  3     Str  8      XL: 8   Next: 91%
MP   7/7         EV 20     Int 11      God: Fedhas [......]
Gold 302         SH  0     Dex 20      Spells:  0 memorised,  7 levels left

Res.Fire  : . . .   See Invis. : .   b - +0 blowgun
Res.Cold  : . . .   Warding    : .   c - +0 robe
Life Prot.: . . .   Conserve   : .   (no shield)
Res.Poison: +       Res.Corr.  : .   (no helmet)
Res.Elec. : .       Clarity    : .   d - +0 cloak
Sust.Abil.: . .     Spirit.Shd : .   (no gloves)
Res.Mut.  : .       Stasis     : .   (no boots)
Res.Rott. : .       Flight     : .   (no amulet)
Saprovore : . . .                    w - ring of poison resistance
                                     l - ring of wizardry

@: slightly resistant to hostile enchantments, very stealthy
A: mutation resistance 1, slow metabolism 1
a: Renounce Religion


You were on level 6 of the Dungeon.
You worshipped Fedhas.
Fedhas was noncommittal.
You were near starving.

You visited 2 branches of the dungeon, and saw 7 of its levels.

You collected 252 gold pieces.

Inventory:

Hand weapons
 a - a +2,+1 elven dagger of venom
 b - a +0 blowgun (weapon)
 i - a -1,+0 orcish falchion
 k - a +0,+0 sling
 n - a -1,+2 orcish dagger of speed
 G - a +2,+2 dagger {=f}
Missiles
 e - 5 poisoned needles (quivered)
 f - 2 curare-tipped needles
 j - 20 stones
 u - 3 needles of paralysis
 y - 8 needles of slowing
Armour
 c - a +0 robe (worn)
 d - a +0 cloak (worn)
Magical devices
 B - a wand of polymorph (18) {unknown}
Comestibles
 g - 4 bread rations
 p - 5 meat rations
Scrolls
 h - 10 scrolls of identify
 m - 2 scrolls of fog
 q - a scroll of enchant weapon II
 t - 3 scrolls of remove curse
 v - a scroll of blinking
Jewellery
 l - a ring of wizardry (left hand)
 w - a ring of poison resistance (right hand)
Potions
 o - a potion of curing
 s - a potion of heal wounds
 C - a potion of flight
Magical staves
 r - an uncursed staff of air


   Skills:
 - Level 1.7 Fighting
 - Level 10.0 Short Blades
 - Level 2.6 Throwing
 + Level 6.1 Dodging
 - Level 8.6 Stealth


You had 7 spell levels left.
You didn't know any spells.

Dungeon Overview and Level Annotations

Branches:
Dungeon (6/27)             Temple (1/1) D:5
    Orc: D:6-11

Altars:
Ashenzari
Cheibriados
Fedhas
Kikubaaqudgha
Makhleb
Nemelex Xobeh
Okawaru
Sif Muna
Xom
Yredelemnul
Zin
the Shining One


Innate Abilities, Weirdness & Mutations

You are small and have problems with some larger weapons.
You are somewhat resistant to further mutation.
You have a slow metabolism.


Message History

You shoot a poisoned needle.
The poisoned needle hits the orc warrior.
The orc warrior is poisoned.
The orc warrior is moderately wounded.
The orc warrior misses you.
Firing (i - inventory. (,) - cycle):
e - 7 poisoned needles (quivered)
Press: ? - help, Shift-Dir - straight line, f/p - orc warrior
Aim: an orc warrior, wielding an orcish halberd and wearing an orcish plate armour (heavily wounded)
You shoot a poisoned needle.
The poisoned needle misses the orc warrior.
Firing (i - inventory. (,) - cycle):
e - 6 poisoned needles (quivered)
Press: ? - help, Shift-Dir - straight line, f/p - orc warrior
Aim: an orc warrior, wielding an orcish halberd and wearing an orcish plate armour (heavily wounded)
You shoot a poisoned needle.
The poisoned needle hits the orc warrior.
The orc warrior is poisoned.
The orc warrior is heavily wounded.
The orc warrior hits you from afar with an orcish halberd!
You die...
Fedhas appreciates your contribution to the ecosystem.

##..###.#.####..#.#
##..###.#.......#.#
.......(.(.###..#.#
.#.#((#%#..###..#.###
.#...(............>.#
.###..#<#..###..###.##
.# #......#%....# #..#
.# #.##..###.#..###..#
.# #.##.## ##...@....#
.# #.###.###.##.#..#.#
o# #.# ##.#.###.##o#.#
># #.# ##.## #.##o#.#
o# #.# #.# #.##(#.#
(###.#####.####.#..).#
..>.............#(.###
o###.#####.######..#
....(.####...o.....#


You could see an orc warrior and an orc.

Vanquished Creatures
  An ice beast (D:5)
  2 sky beasts
  4 ogres
  The ghost of mahrgell the Ruffian, an average NaTm of Cheibriados (D:4)
  A goliath beetle (D:6)
  An orc priest (D:5)
  3 crimson imps
  A hound (D:6)
  2 iguanas
  A scorpion (D:4)
  3 worker ants
  2 orc wizards
  A hound skeleton (D:6)
  2 gnolls (D:2)
  4 adders (D:2)
  2 giant mites
  3 worms
  An inept item mimic (D:3)
  An adder skeleton (D:6)
  2 giant eyeballs (D:5)
  2 oozes
  9 orcs
  14 bats
  7 giant cockroaches
  9 goblins
  10 hobgoblins
  18 jackals
  5 kobolds
  A quokka (D:2)
  8 giant geckos
  5 giant newts
  A kobold skeleton (D:4)
  9 rats
136 creatures vanquished.

Vanquished Creatures (others)
  A scorpion (D:5)
  An adder (D:5)
  4 toadstools (D:6)
6 creatures vanquished.

Grand Total: 142 creatures vanquished

Notes
Turn   | Place    | Note
--------------------------------------------------------------
     0 | D:1      | Rycklaryybbe, the Halfling Assassin, began the quest for the Orb.
     0 | D:1      | Reached XP level 1. HP: 13/13 MP: 0/0
   175 | D:1      | Reached XP level 2. HP: 18/18 MP: 1/1
   203 | D:1      | Reached skill level 6 in Stealth
   681 | D:1      | Reached XP level 3. HP: 23/23 MP: 2/2
  1362 | D:2      | Reached skill level 7 in Stealth
  1533 | D:2      | Reached XP level 4. HP: 10/28 MP: 3/3
  2083 | D:2      | Reached XP level 5. HP: 34/34 MP: 4/4
  3294 | D:4      | Reached skill level 5 in Short Blades
  3575 | D:4      | Noticed mahrgell's ghost (average NaTm)
  3617 | D:4      | Reached XP level 6. HP: 36/39 MP: 5/5
  3753 | D:4      | Noticed an ogre
  3773 | D:4      | Killed an ogre
  4831 | D:5      | Entered Level 5 of the Dungeon
  4948 | D:4      | Reached XP level 7. HP: 37/44 MP: 6/6
  5023 | D:5      | Found a burning altar of Makhleb.
  5231 | D:5      | Noticed a sky beast
  5252 | D:5      | HP: 2/44 [something (6)]
  5257 | D:5      | HP: 2/44 [something (6)]
  5258 | D:5      | Killed a sky beast
  5258 | D:5      | Reached skill level 8 in Stealth
  5588 | D:5      | Reached skill level 5 in Dodging
  5656 | D:5      | Reached XP level 8. HP: 43/49 MP: 7/7
  5746 | D:5      | Noticed an ice beast
  6391 | D:4      | HP: 2/49 [mahrgell's ghost (7)]
  6494 | D:4      | Killed mahrgell's ghost
  7125 | D:5      | Killed an ice beast
  7478 | D:5      | Found a staircase to the Ecumenical Temple.
  7488 | Temple   | Entered the Ecumenical Temple
  7620 | Temple   | Became a worshipper of Fedhas Madash
  7757 | D:6      | Reached skill level 9 in Short Blades
  8051 | D:6      | Reached skill level 10 in Short Blades
  8165 | D:6      | Mangled by an orc warrior

Action                   |  1- 3 |  4- 6 |  7- 9 || total
-------------------------+-------+-------+-------++-------
Melee: Dagger            |   123 |   247 |   409 ||   779
       Falchion          |       |       |     6 ||     6
       Staff             |       |       |     2 ||     2
 Fire: Blowgun           |     5 |    20 |    22 ||    47
  Use: Potion            |       |     4 |     4 ||     8
       Scroll            |       |       |    13 ||    13
 Stab: Sleeping          |     7 |    11 |     4 ||    22
       Distracted        |     1 |     2 |     3 ||     6
